 Dungeon Crawl Stone Soup version 0.29-a0-333-gb4c28e87c6 (webtiles) character file.

Game seed: 6820733923288045483

21 Jortsu the Skirmisher (level 2, -1/24 HPs)
             Began as a Demonspawn Fighter on Apr 13, 2022.
             Succumbed to an adder's poison
             ... on level 2 of the Dungeon.
             The game lasted 00:01:27 (1098 turns).

Jortsu the Skirmisher (Demonspawn Fighter)          Turns: 1098, Time: 00:01:27

Health: -1/24      AC:  6    Str: 16    XL:     2   Next: 62%
Magic:  2/2        EV:  8    Int:  9    God:
Gold:   25         SH:  4    Dex: 12    Spells: 1/1 levels left

rFire   . . .      SeeInvis .   a - +0 war axe
rCold   . . .      Faith    .   c - +0 buckler
rNeg    . . .      Spirit   .   b - +0 scale mail
rPois   .          Reflect  .   (helmet restricted)
rElec   .          Harm     .   (no cloak)
rCorr   .          Rampage  .   (no gloves)
Will    .....                   (no boots)
Stlth   ..........              (no amulet)
HPRegen 0.08/turn               (no ring)
MPRegen 0.08/turn               (no ring)

@: lethally poisoned (-1 -> -9)
A: antennae 1
a: no special abilities


You were on level 2 of the Dungeon.
You visited 1 branch of the dungeon, and saw 2 of its levels.

You collected 25 gold pieces.

Inventory:

Hand Weapons
 a - a +0 war axe (weapon)
Armour
 b - a +0 scale mail (worn)
 c - a +0 buckler (worn)
Jewellery
 e - a ring of magical power
Potions
 d - a potion of might


   Skills:
 + Level 3.1 Fighting
 + Level 2.1 Axes
 + Level 2.9 Armour
 + Level 0.2 Stealth
 + Level 3.0 Shields


You had one spell level left.
You didn't know any spells.
Your spell library was empty.

Dungeon Overview and Level Annotations

Branches:
Dungeon (2/15)

Altars:

Shops:
D:1 =!*(


Innate Abilities, Weirdness & Mutations

You have a pair of small antennae on your head.


Message History

The adder barely misses you. The adder bites you.
You hit the adder but do no damage.
The adder is almost dead.
The adder bites you but does no damage. x2
You closely miss the adder.
The adder is almost dead.
You block the adder's attack. The adder closely misses you.
You barely miss the adder.
The adder is almost dead.
The adder bites you.
You are poisoned.
The adder poisons you! The adder closely misses you.
You barely miss the adder.
The adder is almost dead.
You feel sick. The adder closely misses you.
You completely miss the adder.
The adder is almost dead.
You feel sick. The adder barely misses you. x2
You barely miss the adder.
The adder is almost dead.
You feel sick. The adder closely misses you. You block the adder's attack.
You miss the adder.
The adder is almost dead.
You feel sick.
You are no longer poisoned.
The adder bites you.
* * * LOW HITPOINT WARNING * * *
You are lethally poisoned!
The adder poisons you! The adder bites you.
* * * LOW HITPOINT WARNING * * *
You are more poisoned.
The adder poisons you!
You barely miss the adder.
The adder is almost dead.
* * * LOW HITPOINT WARNING * * *
You feel very sick. You block the adder's attack. The adder barely misses you.
You barely miss the adder.
The adder is almost dead.
You die...

#.. ##.#
##..## ..#
.... ..#
#.$. ..#
.S# #.# #S#
#.# ##@##
#.#
#...###.#
#...#.....#
###...###<#
##.## #.#
#. #.# #.
#.# .. #.#
## #.#


You could see an adder and a ball python.

Vanquished Creatures
  3 endoplasms (D:1)
  A hobgoblin (D:1)
  4 jackals (D:1)
  2 kobolds (D:1)
  A quokka (D:1)
  A ball python (D:1)
  2 bats (D:1)
  A frilled lizard (D:1)
  2 goblins (D:1)
  A rat (D:1)
18 creatures vanquished.

Notes
Turn   | Place    | Note
-------+----------+-------------------------------------------
     0 | D:1      | Jortsu the Demonspawn Fighter began the quest for the Orb.
     0 | D:1      | Reached XP level 1. HP: 18/18 MP: 1/1
    61 | D:1      | Found Meelareodd's Assorted Antiques.
   388 | D:1      | Gained mutation: You have a pair of small antennae on your
                  | head. [demonic ancestry]
   388 | D:1      | Reached XP level 2. HP: 13/24 MP: 2/2
   545 | D:1      | Found Muiptoell's Jewellery Emporium.
   549 | D:1      | Found Waesuikh's Distillery.
   687 | D:1      | Found Mimn's Assorted Antiques.
   881 | D:1      | Found Sotal's Antique Weapon Shop.
  1097 | D:2      | HP: 1/24 [poisoned by an adder]
  1098 | D:2      | Succumbed to an adder's poison

Illustrated notes

Levels and vault maps discovered:
D:1:      roderic_dead_forest, layout_basic, serial_shops, shop, shop, shop,
          shop, nicolae_shop_hallway_stairs, dk_noncrumbling_4,
          hangedman_decor_slide_cut, chequers_serial_rivers_large_a,
          serial_bayou_crossing
D:2:      layout_loops_ring, serial_shops, shop,
          chequers_ecumenical_altar_simple, solitary_fountain, uniq_terence

Skill      XL: |  1  2 |
---------------+-------+-----
Axes           | 2 |  2.1
Shields        | 3 |  3.0
Fighting       | |  3.1
Armour         | |  2.9
Stealth        | |  0.2

Action                   || total
-------------------------++-------
Melee: War axe           ||    67
  Use: Scroll            ||     1
Armor: Scale mail        ||    41
Dodge: Dodged            ||    33
Block: Buckler           ||    11

Table legend: (Time is in decaauts)
 A = Elapsed time spent in this place.
 B = Non-inter-level travel time spent in this place.
 C = Inter-level travel time spent in this place.
 D = Time resting spent in this place.
 E = Time spent auto-exploring this place.
 F = Levels seen in this place.
 G = Mean time per level.
                   A        B        C        D        E       F      G
               +--------+--------+--------+--------+--------+-----+--------+
         Total |   1143 |   1112 |     31 |    132 |    787 |   2 |  571.5 |
       Dungeon |   1143 |   1112 |     31 |    132 |    787 |   2 |  571.5 |
               +--------+--------+--------+--------+--------+-----+--------+

Top non-repeatable levels by time:
     D:1: 1109 daAuts
     D:2: 33 daAuts
